[Event "28th Hit Open-A 2024"]
[Site "Nova Gorica"]
[Date "2024.01.28"]
[Round "4.32"]
[White "Rigatti, Giorgio"]
[Black "Gregoric, Andraz"]
[Result "0-1"]
[ECO "C69"]
[WhiteElo "1749"]
[BlackElo "2217"]
[Annotator "TA"]
[PlyCount "99"]
[EventDate "2024.01.22"]
[EventType "swiss"]
[EventCountry "SLO"]
[SourceTitle "playchess.com"]
[Source "ChessBase"]
[SourceQuality "1"]
[TimeControl "5400+30"]

1. e4 e5 2. Nf3 Nc6 3. Bb5 a6 4. Bxc6 dxc6 5. O-O f6 6. d4 exd4 7. Nxd4 c5 8. Nb3 Qxd1 9. Rxd1 Bg4 10. f3 Bd7 11. Bf4 O-O-O 12. Nc3 c4 13. Nd2 (13. Na5 $142) 13... Bc5+ $11 14. Kh1 Be6 {[%emt 0:04:53] Es drohte Nd5. Schwarz steht etwas besser.} (14... g5 $5 15. Bg3 $8 Be6 $15) 15. Nf1 Ne7 16. Rxd8+ Rxd8 17. Rd1 Rxd1 18. Nxd1 b5 19. Be3 Bd6 20. Kg1 {[%emt 0:05:18] [#]} c3 21. Nxc3 b4 22. Nd5 Nxd5 23. exd5 Bxd5 $15 {[%emt 0:00:09][%mdl 4096] Endspiel. KBB-KBN} 24. b3 Bf7 25. Nd2 Kd7 (25... Bg6 $5 26. Ne4 $8 Kd7 $15) 26. g3 Kc6 27. Kf2 Bg6 28. Ne4 Be7 29. g4 Kd5 30. c4+ bxc3 31. Nxc3+ Kc6 32. Ke2 Bb4 33. Ne4 Kd5 34. Kd3 Bd6 35. h3 Be5 36. Bd2 Bd4 37. Bf4 Bb6 38. Bg3 a5 39. Be1 c6 40. Bg3 Bd4 41. a4 (41. Bc7 $11) 41... Bb6 42. Be1 f5 43. Nc3+ {[%emt 0:10:10] [#]} ({Weiss braucht} 43. gxf5 $1 $15 Bxf5 44. h4) 43... Ke5 $1 $19 44. g5 (44. gxf5 {war nötig.} Bxf5+ 45. Ne4) 44... Kf4 $1 45. Ne2+ $2 (45. Ke2 Bf7 (45... Kxg5 $2 46. h4+ Kf4 47. Nb1 $19) 46. g6 hxg6 (46... Bxb3 $2 {geht unter.} 47. gxh7 Bc4+ 48. Kd2 $18) 47. Nd1) 45... Kxf3 {[%emt 0:00:55] Und jetzt ...f4+ wäre schön.} 46. Nd4+ Kg2 47. Nxc6 f4+ 48. Kc4 f3 49. Nxa5 Bxa5 50. Kd4 {[%emt 0:00:22] Gewichteter Fehlerwert: Weiß=0.51/Schwarz=0.07 (makellos) .  Fehler:       	Weiß=5     	Schwarz=1     Ungenau:       	Weiß=2     	---        OK:         	Weiß=7     	Schwarz=7     Bester:       	Weiß=4     	Schwarz=7     Stark:        	---       	Schwarz=1} 0-1

[Event "28th Hit Open-A 2024"]
[Site "Nova Gorica"]
[Date "2024.01.28"]
[Round "4.33"]
[White "Trybus, Daniel"]
[Black "Barbir, Petar"]
[Result "1-0"]
[ECO "B50"]
[WhiteElo "2039"]
[BlackElo "1738"]
[Annotator "NA RC"]
[PlyCount "95"]
[EventDate "2024.01.22"]
[EventType "swiss"]
[EventCountry "SLO"]
[SourceTitle "playchess.com"]
[Source "ChessBase"]
[SourceQuality "1"]
[TimeControl "5400+30"]

1. e4 c5 2. Nf3 d6 3. g3 g6 4. Bg2 Bg7 5. O-O Nc6 6. c3 e5 7. Na3 Nge7 8. Nc2 O-O 9. d4 exd4 10. cxd4 Bg4 11. Be3 cxd4 12. Ncxd4 d5 13. Nxc6 bxc6 14. Qa4 dxe4 15. Qxe4 Bf5 16. Qh4 Nd5 17. Bg5 f6 18. Bd2 Qb6 19. b3 Rad8 20. Qa4 Rd7 21. Rac1 Bd3 22. Rfe1 Bb5 23. Qg4 c5 24. Re6 Rd6 25. Rce1 Bd7 26. Rxd6 Qxd6 27. Qc4 Kh8 28. Rc1 Rc8 29. Ng5 fxg5 30. Qxd5 Qxd5 31. Bxd5 g4 32. Be3 Bd4 33. Rd1 Bxe3 34. fxe3 Bc6 35. Kf2 Rd8 36. e4 Kg7 37. Ke3 g5 38. Rd2 Bxd5 39. Rxd5 Rxd5 40. exd5 Kf6 41. Ke4 h6 42. d6 Ke6 43. d7 Kxd7 44. Kd5 h5 45. Kxc5 h4 46. Kd5 hxg3 47. hxg3 Kc7 48. b4 1-0

[Event "28th Hit Open-A 2024"]
[Site "Nova Gorica"]
[Date "2024.01.28"]
[Round "4.34"]
[White "Vicic, Mark"]
[Black "Mestek, Igor"]
[Result "1/2-1/2"]
[ECO "A01"]
[WhiteElo "1729"]
[BlackElo "2080"]
[Annotator "NA RC"]
[PlyCount "30"]
[EventDate "2024.01.22"]
[EventType "swiss"]
[EventCountry "SLO"]
[SourceTitle "playchess.com"]
[Source "ChessBase"]
[SourceQuality "1"]
[TimeControl "5400+30"]

1. b3 e5 2. Bb2 Nc6 3. e3 Nf6 4. Bb5 Bd6 5. Na3 Be7 6. Nc4 d6 7. d4 exd4 8. exd4 O-O 9. Ne3 d5 10. Nf3 Bb4+ 11. c3 Bd6 12. O-O Ng4 13. Nxd5 Nxh2 14. Nxh2 Bxh2+ 15. Kxh2 Qxd5 1/2-1/2

[Event "28th Hit Open-A 2024"]
[Site "Nova Gorica"]
[Date "2024.01.28"]
[Round "4.35"]
[White "Petrosino, Germano"]
[Black "Bazilius, Augustinas"]
[Result "0-1"]
[ECO "A65"]
[WhiteElo "1715"]
[BlackElo "2030"]
[Annotator "NA RC"]
[PlyCount "72"]
[EventDate "2024.01.22"]
[EventType "swiss"]
[EventCountry "SLO"]
[SourceTitle "playchess.com"]
[Source "ChessBase"]
[SourceQuality "1"]
[TimeControl "5400+30"]

1. d4 Nf6 2. c4 c5 3. d5 e6 4. Nc3 exd5 5. cxd5 d6 6. e4 g6 7. Nge2 Bg7 8. Ng3 O-O 9. Be2 a6 10. a4 Nbd7 11. O-O Ne8 12. Be3 Rb8 13. Qd2 Nc7 14. f4 Re8 15. Rad1 b5 16. e5 dxe5 17. Nce4 f5 18. Nd6 Rf8 19. Qc2 e4 20. axb5 Nxb5 21. Bxb5 axb5 22. Ne2 Ba6 23. b4 Bd4 24. Nxd4 cxd4 25. Bxd4 Rb6 26. Bc5 Rf6 27. Nxe4 fxe4 28. Qxe4 Rb8 29. Be7 Qb6+ 30. Kh1 Re8 31. d6 Rxd6 32. Rxd6 Qxd6 33. Bxd6 Rxe4 34. h3 Rd4 35. Be7 Kf7 36. Ra1 Kxe7 0-1

[Event "28th Hit Open-A 2024"]
[Site "Nova Gorica"]
[Date "2024.01.28"]
[Round "4.36"]
[White "Kejzar, Petra"]
[Black "Papler, Peter"]
[Result "1-0"]
[ECO "A55"]
[WhiteElo "2025"]
[BlackElo "1691"]
[Annotator "RC"]
[PlyCount "135"]
[EventDate "2024.01.22"]
[EventType "swiss"]
[EventCountry "SLO"]
[SourceTitle "playchess.com"]
[Source "ChessBase"]
[SourceQuality "1"]
[TimeControl "5400+30"]

1. d4 Nf6 2. c4 d6 3. Nf3 Nbd7 4. Nc3 c6 5. e4 Qc7 6. Be2 e5 7. O-O Be7 8. Rb1 O-O 9. b4 h6 10. h3 Re8 11. Be3 Nf8 12. Qd2 Ng6 13. Rfd1 Bf8 14. d5 Nd7 15. dxc6 bxc6 16. Qc2 Bb7 17. Nd2 d5 18. exd5 cxd5 19. Nb5 Qb8 20. cxd5 Rc8 21. Qb3 Nf6 22. Nf1 a6 23. Nc3 Ne8 24. Na4 Nf4 25. Bxf4 exf4 26. Nb6 Rd8 27. Nxa8 Qxa8 28. Bf3 Nd6 29. Rbc1 Nf5 30. a3 Nh4 31. Nh2 Nxf3+ 32. Qxf3 Rxd5 33. Rxd5 Bxd5 34. Qg4 Qb7 35. Nf3 g5 36. Nxg5 hxg5 37. Qxg5+ Bg7 38. Rd1 Be6 39. Rd8+ Kh7 40. Qxf4 Qe7 41. Qe4+ f5 42. Qd3 Qf6 43. Qd1 Qg5 44. Rd6 Bc8 45. Qc2 Bb7 46. g4 Be4 47. Qd2 Qe7 48. Rd7 Qe5 49. Qd1 Qc3 50. f3 Bc6 51. Rd3 Qe5 52. Kg2 Bf6 53. Rd6 Qb2+ 54. Qd2 Bb5 55. Qxb2 Bxb2 56. a4 Bxa4 57. Rxa6 Bb5 58. Rb6 Bd3 59. g5 f4 60. b5 Bc1 61. h4 Be3 62. Rh6+ Kg7 63. b6 Ba6 64. Rc6 Kg8 65. Rc7 Bxb6 66. Rc6 Be3 67. Rxa6 Kg7 68. Kh3 1-0

[Event "28th Hit Open-A 2024"]
[Site "Nova Gorica"]
[Date "2024.01.28"]
[Round "4.37"]
[White "Budai, Federico"]
[Black "Novak, Rok"]
[Result "1/2-1/2"]
[ECO "B12"]
[WhiteElo "1861"]
[BlackElo "1777"]
[Annotator "NA RC"]
[PlyCount "62"]
[EventDate "2024.01.22"]
[EventType "swiss"]
[EventCountry "SLO"]
[SourceTitle "playchess.com"]
[Source "ChessBase"]
[SourceQuality "1"]
[TimeControl "5400+30"]

1. e4 c6 2. d4 d5 3. e5 c5 4. dxc5 Nc6 5. Nf3 Bg4 6. Bb5 Qa5+ 7. Nc3 e6 8. Be3 Nge7 9. h3 Bxf3 10. gxf3 Nf5 11. Bd2 Qc7 12. f4 Bxc5 13. Na4 Be7 14. Bd3 Nh4 15. Qg4 g6 16. Nc3 a6 17. Ne2 O-O-O 18. O-O-O Kb8 19. Kb1 Rhg8 20. Rhf1 Qb6 21. Be3 d4 22. Bd2 Nb4 23. Bxb4 Qxb4 24. c3 dxc3 25. Nxc3 Rc8 26. Rc1 Rgd8 27. Rfd1 Rd4 28. Ne2 Rxc1+ 29. Kxc1 Rd8 30. Qg3 Qa4 31. Nc3 Qc6 1/2-1/2

[Event "28th Hit Open-A 2024"]
[Site "Nova Gorica"]
[Date "2024.01.28"]
[Round "4.38"]
[White "Ivsek, Cveto"]
[Black "Pagnutti, Lorenzo"]
[Result "1/2-1/2"]
[ECO "D02"]
[WhiteElo "1711"]
[BlackElo "1859"]
[Annotator "NA RC"]
[PlyCount "85"]
[EventDate "2024.01.22"]
[EventType "swiss"]
[EventCountry "SLO"]
[SourceTitle "playchess.com"]
[Source "ChessBase"]
[SourceQuality "1"]
[TimeControl "5400+30"]

1. d4 d5 2. Bf4 Nf6 3. e3 e6 4. Nf3 Bd6 5. Bxd6 cxd6 6. c3 O-O 7. Be2 Nc6 8. O-O a5 9. Nbd2 h6 10. h3 Ne4 11. Rc1 f5 12. c4 dxc4 13. Bxc4 d5 14. Bb5 Bd7 15. Bxc6 Bxc6 16. Ne5 Bb5 17. Re1 Rc8 18. Ndf3 Be8 19. Rxc8 Qxc8 20. Qc1 Bh5 21. Nh2 Qd8 22. Qc2 f4 23. exf4 Rxf4 24. Nhf3 Bxf3 25. Nxf3 Rf7 26. Rc1 Qf6 27. Rf1 Qd8 28. Rc1 Qf6 29. Rf1 Rf8 30. Ne5 Qd8 31. Nf3 Qe8 32. Qc7 Qb5 33. Qc2 Nd6 34. Re1 Ne4 35. Rc1 Qb6 36. b3 Qd6 37. Qc7 Qa6 38. Qc2 Nd6 39. Re1 Ne4 40. Rc1 Nd6 41. Re1 Ne4 42. Rc1 b5 43. Re1 1/2-1/2

[Event "28th Hit Open-A 2024"]
[Site "Nova Gorica"]
[Date "2024.01.28"]
[Round "4.39"]
[White "Tonel, Giulia"]
[Black "Vodnik, Val"]
[Result "1-0"]
[ECO "C54"]
[WhiteElo "1851"]
[BlackElo "1661"]
[Annotator "NA RC"]
[PlyCount "45"]
[EventDate "2024.01.22"]
[EventType "swiss"]
[EventCountry "SLO"]
[SourceTitle "playchess.com"]
[Source "ChessBase"]
[SourceQuality "1"]
[TimeControl "5400+30"]

1. e4 e5 2. Nf3 Nc6 3. Bc4 Bc5 4. c3 Nf6 5. d4 exd4 6. b4 Bb6 7. e5 d5 8. exf6 dxc4 9. Qe2+ Be6 10. b5 d3 11. Qe4 Na5 12. fxg7 Rg8 13. Qxh7 f6 14. O-O Qe7 15. Bh6 O-O-O 16. Nbd2 Qc5 17. Nd4 Bd7 18. Qg6 Be8 19. Qxf6 Rd6 20. Qf8 Qd5 21. Rae1 Rd8 22. Ne6 Bc6 23. bxc6 1-0

[Event "28th Hit Open-A 2024"]
[Site "Nova Gorica"]
[Date "2024.01.28"]
[Round "4.40"]
[White "Pagano, Sergio"]
[Black "Mulec, Dejan"]
[Result "1-0"]
[ECO "E43"]
[WhiteElo "1821"]
[BlackElo "1577"]
[Annotator "NA RC"]
[PlyCount "77"]
[EventDate "2024.01.22"]
[EventType "swiss"]
[EventCountry "SLO"]
[SourceTitle "playchess.com"]
[Source "ChessBase"]
[SourceQuality "1"]
[TimeControl "5400+30"]

1. d4 Nf6 2. c4 e6 3. Nc3 Bb4 4. e3 b6 5. Bd3 Bb7 6. f3 Bxc3+ 7. bxc3 c5 8. e4 d6 9. d5 e5 10. f4 Nbd7 11. Nf3 Qe7 12. O-O g6 13. a4 O-O 14. fxe5 Nxe5 15. Nxe5 Qxe5 16. Qf3 Nh5 17. Bh6 Ng7 18. Bf4 Qe7 19. g4 f6 20. Qg3 Rad8 21. h4 g5 22. Bd2 h6 23. Rf2 Bc8 24. a5 Qe5 25. Kg2 h5 26. Qxe5 fxe5 27. Rxf8+ Rxf8 28. Bxg5 Bxg4 29. axb6 axb6 30. Rf1 Ra8 31. Be7 Ra2+ 32. Rf2 Ra3 33. Bxd6 Rxc3 34. Rd2 Kf7 35. Bxe5 Rb3 36. Be2 Re3 37. Bxg4 hxg4 38. Bxg7 Kxg7 39. d6 1-0

[Event "28th Hit Open-A 2024"]
[Site "Nova Gorica"]
[Date "2024.01.28"]
[Round "4.41"]
[White "Cokan, Mirko"]
[Black "Racnik, Tone"]
[Result "0-1"]
[ECO "A34"]
[WhiteElo "1614"]
[BlackElo "1849"]
[Annotator "NA RC"]
[PlyCount "94"]
[EventDate "2024.01.22"]
[EventType "swiss"]
[EventCountry "SLO"]
[SourceTitle "playchess.com"]
[Source "ChessBase"]
[SourceQuality "1"]
[TimeControl "5400+30"]

1. e4 d6 2. c4 Nf6 3. Nc3 c5 4. Nf3 Nc6 5. Be2 g6 6. O-O Bg7 7. Rb1 O-O 8. d3 a6 9. h3 Rb8 10. Bd2 b5 11. b3 b4 12. Nd5 e6 13. Nxf6+ Bxf6 14. Qc1 Bh8 15. h4 a5 16. Bh6 Re8 17. h5 Bd7 18. hxg6 hxg6 19. g3 Nd4 20. Nxd4 Bxd4 21. Kg2 a4 22. Bd1 axb3 23. Bxb3 Bc6 24. Be3 Bh8 25. Rh1 f5 26. f3 Rb7 27. Rh3 Qf6 28. Qh1 Bg7 29. Bc1 Qd4 30. Qf1 fxe4 31. Bb2 exf3+ 32. Kh2 Qe3 33. Bxg7 Rxg7 34. Rb2 Ree7 35. Qf2 Qg5 36. Bd1 Rh7 37. Bxf3 Rxh3+ 38. Kxh3 Rf7 39. Bxc6 Rxf2 40. Rxf2 Qe3 41. Rf3 Qe2 42. Be4 Kg7 43. Rf4 Qxa2 44. Rg4 b3 45. d4 b2 46. Bxg6 Kf6 47. Bc2 b1=Q 0-1

[Event "28th Hit Open-A 2024"]
[Site "Nova Gorica"]
[Date "2024.01.28"]
[Round "4.42"]
[White "Deschi, Leonardo Simone"]
[Black "Guid, Taja"]
[Result "0-1"]
[ECO "B21"]
[WhiteElo "1639"]
[BlackElo "1698"]
[Annotator "NA RC"]
[PlyCount "56"]
[EventDate "2024.01.22"]
[EventType "swiss"]
[EventCountry "SLO"]
[SourceTitle "playchess.com"]
[Source "ChessBase"]
[SourceQuality "1"]
[TimeControl "5400+30"]

1. e4 c5 2. Nf3 e6 3. d4 cxd4 4. c3 dxc3 5. Nxc3 Nc6 6. Bc4 a6 7. O-O b5 8. Bb3 Bc5 9. Bf4 d6 10. Rc1 Bb7 11. Qe2 Qe7 12. Rfd1 Nf6 13. Nxb5 axb5 14. Rxc5 dxc5 15. Bd6 Qd7 16. Bxc5 Qc8 17. Ng5 h6 18. Nxe6 fxe6 19. e5 Nxe5 20. Qxe5 Ra6 21. Be3 Kf7 22. Rc1 Rc6 23. Rf1 Rd8 24. f4 Rcd6 25. f5 Bd5 26. Bd1 exf5 27. Rxf5 Qe6 28. Qf4 Kg8 0-1

[Event "28th Hit Open-A 2024"]
[Site "Nova Gorica"]
[Date "2024.01.28"]
[Round "4.43"]
[White "Gratton, Damjan"]
[Black "Cortese, Lina"]
[Result "0-1"]
[ECO "C10"]
[WhiteElo "1691"]
[BlackElo "1582"]
[Annotator "NA RC"]
[PlyCount "84"]
[EventDate "2024.01.22"]
[EventType "swiss"]
[EventCountry "SLO"]
[SourceTitle "playchess.com"]
[Source "ChessBase"]
[SourceQuality "1"]
[TimeControl "5400+30"]

1. e4 e6 2. d4 d5 3. Nc3 dxe4 4. Nxe4 Nd7 5. Nf3 Ngf6 6. Nxf6+ Nxf6 7. Be2 Be7 8. O-O O-O 9. h3 h6 10. Be3 c6 11. c4 Bd6 12. Qc2 Re8 13. Rad1 b6 14. Rfe1 Bb7 15. Ne5 Qc7 16. Nd3 c5 17. dxc5 bxc5 18. Rd2 Rad8 19. Red1 Ne4 20. Bf1 Nxd2 21. Rxd2 Be4 22. Qd1 Bg6 23. Qg4 Bf5 24. Qh5 Bg6 25. Qg4 h5 26. Qf3 e5 27. Qd1 e4 28. Ne1 Bh2+ 29. Kh1 Rxd2 30. Qxd2 Rd8 31. Qc1 Be5 32. g3 Qd6 33. Be2 Bd4 34. Bf4 Qe6 35. Kg2 Bf5 36. h4 Bh3+ 37. Kg1 Bg4 38. Bf1 Bf6 39. Ng2 Rd1 40. Qc2 Bf3 41. Ne3 Qh3 42. Nxd1 Qh1# 0-1

[Event "28th Hit Open-A 2024"]
[Site "Nova Gorica"]
[Date "2024.01.29"]
[Round "5.1"]
[White "Ceres, Dragos"]
[Black "Csonka, Balazs"]
[Result "0-1"]
[ECO "C54"]
[WhiteElo "2438"]
[BlackElo "2479"]
[Annotator "TA"]
[PlyCount "54"]
[EventDate "2024.01.22"]
[EventType "swiss"]
[EventCountry "SLO"]
[SourceTitle "playchess.com"]
[Source "ChessBase"]
[SourceQuality "1"]
[TimeControl "5400+30"]

1. e4 e5 2. Nf3 Nc6 3. Bc4 Bc5 4. O-O Nf6 5. d3 d6 6. c3 O-O 7. h3 h6 8. Re1 Bb6 9. Nbd2 Ne7 10. Bb3 Ng6 {[%emt 0:02:35] The position is equal.} 11. d4 c6 12. Nf1 d5 13. exd5 e4 14. Ne5 cxd5 15. Ng3 Be6 16. f4 ({Better is} 16. Nxe4 Nxe4 17. Nxg6 fxg6 18. Rxe4 dxe4 19. Bxe6+ Kh7 20. Qe1) 16... Nxe5 17. fxe5 Nd7 (17... Nh7 {simplifies} 18. Qe2 Kh8 19. Rf1 f6) 18. Qh5 {[%emt 0:19:16] Black must now prevent Nf5.} (18. Kh1 {simplifies} f5 19. Rf1 Bc7 20. Qh5) 18... Nxe5 $1 {[%emt 0:02:20] And now ...Nd3 would win.} 19. Bxh6 (19. Qxe5 $2 Bc7 20. Qh5 Bxg3 $19) 19... Nd3 {[%emt 0:20:03][%cal Ob6c7] ...Bc7! is the strong threat.} 20. Nxe4 $2 Nxe1 $19 (20... dxe4 21. Rxe4 Qf6 (21... gxh6 $2 22. Bxe6 Qf6 23. Rf1 $18) 22. Bxg7 Kxg7 (22... Qxg7 23. Bxe6 $16) 23. Bxe6 Qf2+ 24. Kh1 fxe6 25. Rg4+ Kf6 26. Qg5+ Kf7 27. Qg7+ Ke8 28. Qxb7 $11) (20... gxh6 $2 21. Qxh6 dxe4 22. Rxe4 $18) 21. Rxe1 (21. Bg5 $142 Nf3+ 22. gxf3) 21... dxe4 (21... gxh6 22. Bxd5 Bxd4+ (22... Bxd5 23. Qxh6 Bxd4+ 24. cxd4 $11) 23. cxd4 Bxd5 (23... Qxd5 $2 24. Nf6+ Kg7 25. Nxd5 $18) 24. Qxh6 $11) 22. Rxe4 {[%emt 0:00:34] [#]} (22. Bxe6 fxe6 23. Rxe4 Rf5 (23... gxh6 24. Qg6+ Kh8 25. Qxh6+ Kg8 26. Rg4+)) 22... Qf6 ({Stronger than} 22... gxh6 23. Qxh6 Re8 (23... Bf5 24. Rf4 $14) 24. Bc2 $11) (22... Bxb3 $2 23. Bxg7 f5 (23... Kxg7 24. Rg4+) 24. Qg6 $18) 23. Bg5 Qf5 24. Rh4 {[%emt 0:01:28][%csl Gh4][%cal Rh5h8] [#]} f6 $1 25. Rf4 Qb1+ (25... Qxg5 $2 {loses.} 26. Bxe6+ $18) 26. Rf1 Qe4 ({Worse is} 26... Qxb2 27. Bxe6+) 27. Rf4 $2 (27. Qf3 Qxf3 28. Bxe6+ Kh8 29. gxf3) 27... Qe3+ {[%emt 0:00:24] Weighted Error Value: White=0.71/Black=0.21 (precise) .  Loses game:     	White=1     	---        Mistake:       	White=3     	---        Inaccurate:     	White=3     	Black=3      OK:         	White=3     	Black=5      Best:        	White=1     	Black=4      Strong:       	---       	Black=2} 0-1

[Event "28th Hit Open-A 2024"]
[Site "Nova Gorica"]
[Date "2024.01.29"]
[Round "5.2"]
[White "Berkes, Ferenc"]
[Black "Fercec, Nenad"]
[Result "1-0"]
[ECO "E32"]
[WhiteElo "2613"]
[BlackElo "2410"]
[Annotator "RC"]
[PlyCount "47"]
[EventDate "2024.01.22"]
[EventType "swiss"]
[EventCountry "SLO"]
[SourceTitle "playchess.com"]
[Source "ChessBase"]
[SourceQuality "1"]
[TimeControl "5400+30"]

1. d4 Nf6 2. c4 b6 3. Nc3 Bb7 4. Qc2 e6 5. e4 Bb4 6. Bd3 Bxc3+ 7. bxc3 d6 8. Ne2 e5 9. O-O c5 10. f4 Nfd7 11. Ng3 g6 12. fxe5 dxe5 13. Bh6 Qe7 14. d5 a5 15. Be2 Qh4 16. Qd2 f6 17. Qe3 Rg8 18. Rf3 Bc8 19. Raf1 Kd8 20. Nh1 g5 21. Rh3 Qf4 22. Qd3 Rg6 23. Ng3 g4 24. Bxf4 1-0

[Event "28th Hit Open-A 2024"]
[Site "Nova Gorica"]
[Date "2024.01.29"]
[Round "5.3"]
[White "Basso, Pier Luigi"]
[Black "Goroshkov, Maksym"]
[Result "1-0"]
[ECO "D38"]
[WhiteElo "2482"]
[BlackElo "2338"]
[Annotator "TA"]
[PlyCount "131"]
[EventDate "2024.01.22"]
[EventType "swiss"]
[EventCountry "SLO"]
[SourceTitle "playchess.com"]
[Source "ChessBase"]
[SourceQuality "1"]
[TimeControl "5400+30"]

1. d4 d5 2. c4 e6 3. Nc3 Nf6 4. Nf3 Bb4 5. cxd5 exd5 6. Bg5 h6 7. Bh4 O-O 8. e3 c6 9. Bd3 Qd6 10. Qc2 Re8 11. O-O Bxc3 12. bxc3 Nbd7 13. c4 b6 14. Bg3 Qa3 15. cxd5 cxd5 16. Qb3 Qxb3 17. axb3 a5 18. b4 Ba6 19. b5 Bb7 20. Bf5 g6 21. Bh3 Nf8 22. Bc7 N6d7 23. Rfc1 Ne6 24. Rc3 (24. Bxe6 $16 Rxe6 25. Ne5 Nxe5 26. dxe5) 24... Rac8 (24... Rec8 $11) 25. Rac1 $16 a4 26. g3 Ra8 27. Bd6 Nf6 28. Ba3 Bc8 29. Bf1 Bb7 30. Ne5 Rac8 31. Nc6 ({White should try} 31. Rxc8 $18 Rxc8 32. Ra1) 31... Kg7 32. f3 Nd7 33. Kf2 f5 34. Bd6 Kh7 35. h4 h5 36. Ra3 Nd8 37. Rxa4 Nxc6 38. bxc6 Rxc6 {[%emt 0:00:06] [#]} 39. Ra7 $2 ({White should play} 39. Rxc6 $1 $18 Bxc6 40. Ra7) 39... Rxc1 $11 40. Rxb7 Ra8 41. Rxd7+ Kg8 42. g4 Ra2+ 43. Kg3 Rxf1 44. gxh5 gxh5 45. Kf4 Raf2 46. Kg5 Rxf3 47. Kf6 f4 48. e4 Re3 $2 {[%emt 0:02:24][%mdl 8192] [#]} (48... dxe4 49. Rd8+ Kh7 50. Be5 (50. Rd7+ Kh8 51. Be5 Rg1 52. Rd8+ Kh7 53. Kf7 Rg7+ 54. Bxg7 Rh3 55. Rh8#) 50... Rc1 51. Kf5) (48... Rg1 $11) 49. Be5 $2 (49. exd5 f3 50. Rd8+ (50. Rg7+ Kh8 $11) 50... Kh7 51. Rd7+ Kh8 (51... Kg8 52. Rg7+ Kh8 53. Kf7 $11) 52. Rd8+ Kh7 53. Rd7+ Kh8 (53... Kg8 54. Rd8+ Kh7 $11) 54. Rd8+ Kh7 $11) ({Only move:} 49. Rg7+ $1 $18 Kh8 50. Rg5) 49... Rxe4 $11 (49... dxe4 50. Rd8+ Kh7 51. Kf7 Kh6 52. Rh8#) 50. Rd8+ Kh7 51. Kf7 (51. Kf5 Rxe5+ 52. Kxe5 (52. dxe5 f3 $11) 52... f3) 51... Rxe5 $1 52. dxe5 Rg1 53. e6 Rg7+ $2 (53... f3 $11 54. Rxd5 Rg7+ 55. Kf6 Rg6+ 56. Ke7 Rg4) 54. Kf6 f3 55. Rxd5 $2 (55. e7 {mates} f2 56. Rh8+ (56. e8=R f1=Q+ 57. Ke5 Qe1+ 58. Kf6 Rg6+ 59. Kf5 Qb1+ 60. Kf4 Qb4+ 61. Kf3 Qc3+ 62. Re3 Rf6+ 63. Ke2 Qc2+ 64. Ke1 Qc1+ 65. Ke2 Qf1+ 66. Kd2 Rf2+) 56... Kxh8 57. e8=Q+ (57. e8=B {leads to mate.} f1=Q+ 58. Ke6 Qf3 59. Bc6 Rg6+ 60. Ke7 Qf6+ 61. Kd7 Rg7+ 62. Kc8 Qxc6+ 63. Kd8 Qd7#) 57... Kh7 58. Qxh5+ Kg8 59. Qxd5+ Kh8 60. Qf5) 55... f2 $2 (55... Rg6+ $11 56. Ke7 Rg4) 56. Rxh5+ Kg8 57. Rf5 Kf8 58. Rxf2 Rg1 59. h5 Rh1 60. Rf5 Rh2 61. h6 Ke8 62. Kg6 Ke7 63. h7 Kxe6 64. Rh5 Rg2+ 65. Kh6 Kf7 66. h8=Q ({Inferior is} 66. h8=R Rg6+ 67. Kh7 Rg7+ 68. Kh6 Rg6+ 69. Kh7 Rg7+ 70. Kh6 Rg6+ $11) 1-0

[Event "28th Hit Open-A 2024"]
[Site "Nova Gorica"]
[Date "2024.01.29"]
[Round "5.4"]
[White "Drazic, Sinisa"]
[Black "Beliavsky, Alexander G"]
[Result "1/2-1/2"]
[ECO "D05"]
[WhiteElo "2270"]
[BlackElo "2475"]
[Annotator "TA"]
[PlyCount "54"]
[EventDate "2024.01.22"]
[EventType "swiss"]
[EventCountry "SLO"]
[SourceTitle "playchess.com"]
[Source "ChessBase"]
[SourceQuality "1"]
[TimeControl "5400+30"]

1. d4 Nf6 2. Nf3 e6 3. e3 c5 4. Nbd2 Nc6 5. Bd3 d5 6. c3 Bd6 7. O-O O-O 8. dxc5 Bxc5 9. e4 h6 10. Qe2 Bb6 11. e5 Nd7 12. Nb3 {[%emt 0:00:12] Black is slightly better.} f6 ({Black should play} 12... Bc7 $15) 13. exf6 $11 {[%emt 0:00:25] The position is equal.} Qxf6 {[%emt 0:01:32] Black wants to play ...e5.} 14. c4 Nde5 15. Nxe5 Qxe5 16. Be3 d4 17. Bd2 Qxe2 18. Bxe2 e5 19. c5 Bc7 20. Bc4+ Kh7 21. f3 Bf5 22. Bd5 a5 23. a4 Rfd8 24. Be4 Kg6 25. Rfe1 Bxe4 26. Rxe4 Kf5 27. Kf2 Ke6 {[%emt 0:00:58] Weighted Error Value: White=0.05 (flawless) /Black=0.08 (flawless) .  Mistake:       	---       	Black=1      Inaccurate:     	White=1     	---        OK:         	White=9     	Black=9      Best:        	White=1     	---} 1/2-1/2

[Event "28th Hit Open-A 2024"]
[Site "Nova Gorica"]
[Date "2024.01.29"]
[Round "5.5"]
[White "Ashwath, R.."]
[Black "Pirs, Matjaz"]
[Result "1-0"]
[ECO "D28"]
[WhiteElo "2284"]
[BlackElo "1965"]
[Annotator "TA"]
[PlyCount "63"]
[EventDate "2024.01.22"]
[EventType "swiss"]
[EventCountry "SLO"]
[SourceTitle "playchess.com"]
[Source "ChessBase"]
[SourceQuality "1"]
[TimeControl "5400+30"]

1. d4 d5 2. c4 dxc4 3. Nf3 Nf6 4. e3 e6 5. Bxc4 c5 6. O-O Be7 7. Qe2 Nc6 8. Rd1 Qc7 9. Nc3 a6 10. h3 (10. dxc5 $14 Bxc5 11. b3) 10... b5 11. Bb3 (11. d5 $5) 11... Bb7 12. dxc5 {[%emt 0:04:10] The position is equal.} Bxc5 13. e4 Ne5 14. Bf4 Nxf3+ 15. Qxf3 Qb6 (15... Qe7 $11 {keeps the balance.}) 16. Be5 $16 Be7 17. Bd4 {[%emt 0:01:33] White has more active pieces.} Qc7 18. Rac1 $1 Rc8 19. g4 ({Of course not} 19. Ne2 $6 Qb8 $14) (19. Nd5 $1 $16 Qxc1 20. Nxe7 (20. Bxf6 Bxd5 21. Bxe7 Bxb3 $11) (20. Nxf6+ $2 Bxf6 21. Bxf6 Qh6 $17) 20... Bxe4 21. Nxc8 Qxc8 22. Qe3) 19... O-O {[%emt 0:03:48] [#]} ({Black should try} 19... h6 $1 $14) 20. Nd5 $1 $18 Qd8 {[%emt 0:04:25] [#]} 21. Rxc8 $1 Bxc8 {[%emt 0:01:30] [#]} 22. Nxf6+ $40 {[%emt 0:00:25][%mdl 128] White wants a kill.} Bxf6 23. Bc5 Qc7 24. Bxf8 Kxf8 25. Qd3 Be7 (25... Ke8 $16 26. Rd2 Bb7) 26. Qc3 Qb8 27. Rc1 Bb7 28. Qc7 Qa8 (28... Bd6 {is more resistant.} 29. Qxb8+ Bxb8) 29. Qd7 Bd8 30. a4 g6 $2 (30... Qb8 31. Rc3 (31. axb5 Bb6 $18) 31... h6 32. axb5 axb5) 31. Rc3 {[%emt 0:02:47][%cal Ob3e6] Strongly threatening Bxe6!} bxa4 {[%emt 0:04:02] [#]} 32. Bxe6 $1 {[%emt 0:01:21][%mdl 512] Weighted Error Value: White=0.12 (very precise) /Black=0.50.  Mistake:       	White=1     	Black=5      Inaccurate:     	---       	Black=1      OK:         	White=7     	Black=6      Best:        	White=3     	Black=1      Strong:       	White=2     	---        Brilliant:      	White=1     	---} 1-0